 Dungeon Crawl Stone Soup version 0.19.5 (webtiles) character file.

157 tidbits the Skirmisher (level 5, 16/39 HPs)
             Began as a High Elf Wanderer on Aug 8, 2017.
             Quit the game on level 4 of the Dungeon.
             The game lasted 00:08:01 (1309 turns).

tidbits the Skirmisher (High Elf Wanderer)          Turns: 1309, Time: 00:08:03

Health: 16/39      AC:  7    Str: 12    XL:     5   Next: 15%
Magic:  6/6        EV: 10    Int: 15    God:
Gold:   92         SH:  0    Dex: 15    Spells: 0 memorised, 4 levels left

rFire  . . .     SeeInvis .     a - +0 rapier
rCold  . . .     Gourm    .     B - +0 scale mail
rNeg   + . .     Faith    .     (no shield)
rPois  .         Spirit   .     (no helmet)
rElec  .         Reflect  .     (no cloak)
rCorr  .         Harm     .     G - +0 pair of gloves
MR     .....                    (no boots)
Stlth  ..........               (no amulet)
                                (no ring)
                                e - ring of positive energy

@: lethally poisoned (16 -> -15)
A: no striking features
a: no special abilities


You were on level 4 of the Dungeon.
You were not hungry.

You visited 1 branch of the dungeon, and saw 4 of its levels.

You collected 92 gold pieces.

Inventory:

Hand Weapons
 a - a +0 rapier (weapon)
   (You found it on level 2 of the Dungeon)
 n - a +0 short sword
 s - a +0 hunting sling
   (You took it off a goblin on level 2 of the Dungeon)
 u - a +0 dagger
   (You took it off an orc on level 3 of the Dungeon)
Missiles
 o - 107 stones (quivered)
 p - 39 arrows
Armour
 h - a +0 large shield
   (You found it on level 3 of the Dungeon)
 j - a +0 robe
 B - a +0 scale mail (worn)
   (You found it on level 3 of the Dungeon)
 G - a +0 pair of gloves (worn)
   (You found it on level 2 of the Dungeon)
Jewellery
 e - a ring of positive energy (left hand)
   (You found it on level 1 of the Dungeon)
Scrolls
 b - 2 scrolls of blinking
 d - 2 scrolls of teleportation
 i - a scroll of fog
 k - a scroll of immolation {unknown}
 m - a scroll of identify
 q - a scroll of magic mapping {unknown}
 r - 4 scrolls of remove curse
 t - a scroll of enchant weapon {unknown}
Comestibles
 f - 3 bread rations
 l - a meat ration


   Skills:
 + Level 5.4 Fighting
   Level 1.2 Long Blades
 - Level 1.0 Throwing
 - Level 3.2 Dodging
 - Level 1.1 Stealth
 - Level 1.0 Shields
 - Level 1.0 Unarmed Combat


You had 4 spell levels left.
You didn't know any spells.

Dungeon Overview and Level Annotations

Branches:
Dungeon (4/15)
 Temple: D:4-7

Altars:


Message History

The giant cockroach bites you but does no damage. x2
You hit the giant cockroach.
The giant cockroach is severely wounded.
The giant cockroach waves its antennae.
The giant cockroach closely misses you.
You closely miss the giant cockroach.
The giant cockroach is severely wounded.
The giant cockroach bites you but does no damage.
You hit the giant cockroach.
You kill the giant cockroach!
You see here a giant cockroach corpse.
You are feeling hungry.
Found an escape hatch in the ceiling.
Found a metallic purple potion.
An orc comes into view. It is wielding a trident.
The orc shouts!
Okay, then.
An orc wizard comes into view. It is wielding a dagger.
The orc hits you with a trident.
You puncture the orc!
You kill the orc!
Things that are here:
a trident; an orc corpse
Things that are here:
a trident; an orc corpse You butcher the orc corpse.
g - a chunk of flesh
Things that are here:
a trident; an orc skeleton Eat a chunk of flesh? (ye/n/q)
You start eating the chunk of flesh.
This raw flesh tastes terrible.
A scorpion comes into view.
Things that are here:
a trident; an orc skeleton You hit the scorpion but do no damage.
The scorpion stings you.
You are poisoned.
The scorpion poisons you!
You hit the scorpion.
The scorpion is lightly wounded.
You feel sick. The scorpion barely misses you.
You hit the scorpion.
The scorpion is lightly wounded.
You feel sick. The scorpion closely misses you. x2
You hit the scorpion.
The scorpion is moderately wounded.
You feel sick.
The scorpion stings you but does no damage.
You hit the scorpion but do no damage.
The scorpion is moderately wounded.
The scorpion stings you.
You barely miss the scorpion.
The scorpion is moderately wounded.
You feel sick. The scorpion stings you.
You are lethally poisoned!
The scorpion poisons you!
You barely miss the scorpion.
The scorpion is moderately wounded.
* * * LOW HITPOINT WARNING * * *
You feel sick. The scorpion closely misses you.
You barely miss the scorpion.
The scorpion is moderately wounded.
* * * LOW HITPOINT WARNING * * *
You feel sick.
The scorpion stings you but does no damage.
You hit the scorpion.
The scorpion is heavily wounded.
* * * LOW HITPOINT WARNING * * *
You feel sick.
The scorpion stings you but does no damage.
The scorpion stings you.
* * * LOW HITPOINT WARNING * * *
You are more poisoned.
The scorpion poisons you!
You feel much better.
You feel sick. The scorpion closely misses you.
You closely miss the scorpion.
The scorpion is heavily wounded.
You feel sick. The scorpion misses you.
You hit the scorpion.
The scorpion is severely wounded.
You feel sick. The scorpion completely misses you.
You completely miss the scorpion.
The scorpion is severely wounded.
You feel sick. The scorpion stings you.
You are lethally poisoned!
The scorpion poisons you!
You closely miss the scorpion.
The scorpion is severely wounded.
You feel very sick. The scorpion stings you.
* * * LOW HITPOINT WARNING * * *
You are more poisoned.
The scorpion poisons you!
You puncture the scorpion!
You kill the scorpion!
Your Fighting skill increases to level 5!
You have reached level 5!
* * * LOW HITPOINT WARNING * * *
You feel very sick.
Are you sure you want to abandon this character and quit the game? (Confirm with "yes".)

#.###.........
##..........#
#...........#
#........s.#
.o..........#
###.....<..#######
#...........s...#
#........######)#
#.###.#### #@# ...
#. #.# ## #. #.#
#. #.# #.# #.# #.#
# #.# #. #.#


There were no monsters in sight!

Vanquished Creatures
  A scorpion (D:4)
  Natasha (twice) (D:3)
  An ooze (D:1)
  A worm (D:2)
  A dart slug (D:3)
  2 leopard geckos (D:2)
  2 orcs
  A ball python (D:1)
  4 giant cockroaches
  2 goblins
  3 hobgoblins
  7 jackals
  3 kobolds
  A quokka (D:3)
  7 bats
  2 frilled lizards (D:2)
  2 rats
42 creatures vanquished.

Notes
Turn   | Place    | Note
-------+----------+-------------------------------------------
     0 | D:1      | tidbits the High Elf Wanderer began the quest for the Orb.
     0 | D:1      | tidbits set off with: a potion of heal wounds, a scroll of blinking, a +0 short sword, a scroll of teleportation, a +0 robe, a bread ration
     0 | D:1      | Reached XP level 1. HP: 14/14 MP: 2/2
   197 | D:2      | Reached XP level 2. HP: 10/20 MP: 3/3
   405 | D:2      | Reached skill level 3 in Fighting
   696 | D:3      | Noticed Natasha
   701 | D:3      | Killed Natasha
   701 | D:3      | Reached XP level 3. HP: 12/27 MP: 4/4
   740 | D:2      | Reached skill level 4 in Fighting
  1051 | D:3      | Reached XP level 4. HP: 33/33 MP: 5/5
  1083 | D:3      | Noticed Natasha
  1095 | D:3      | Killed Natasha
  1308 | D:4      | Reached skill level 5 in Fighting
  1308 | D:4      | Reached XP level 5. HP: 19/39 MP: 6/6
  1309 | D:4      | Quit the game

Skill      XL: |  1  2  3  4 |
---------------+-------------+-----
Fighting       | 3 4 5 |  5.4
Long Blades    | |  1.2
Throwing       | |  1.0
Dodging        | |  3.2
Stealth        | |  1.1
Shields        | |  1.0
Unarmed Combat | |  1.0

Action                   |  1- 3 |  4- 6 || total
-------------------------+-------+-------++-------
Melee: Short sword       |    32 |       ||    32
       Rapier            |    72 |    55 ||   127
       Punch             |     1 |       ||     1
  Use: Potion            |     1 |     2 ||     3
       Scroll            |     2 |       ||     2
  Eat: Chunk             |     1 |     1 ||     2
Armor: Robe              |     1 |       ||     1
       Scale mail        |    47 |    20 ||    67
       Skin              |       |     6 ||     6
Dodge: Dodged            |    54 |    31 ||    85

Table legend:
 A = Turns spent in this place as a percentage of turns spent in the entire game.
 B = Non-inter-level travel turns spent in this place as a percentage of non-inter-level travel turns spent in the entire game.
 C = Inter-level travel turns spent in this place as a percentage of turns spent in this place.
 D = Turns resting spent in this place as a percentage of non-inter-level travel turns spent in this place.
 E = Turns spent auto-exploring this place as a percentage of non-inter-level travel turns spent in this place.
 F = Non-inter-level travel turns spent in this place divided by the number of levels of this place that you've seen.
                   A       B       C       D       E      F
               +-------+-------+-------+-------+-------+----------------------
         Total | 100.0 | 100.0 |   0.3 |   0.0 |   0.0 | 286.2
       Dungeon | 100.0 | 100.0 |   0.3 |   0.0 |   0.0 | 286.2
               +-------+-------+-------+-------+-------+----------------------

Table legend:
 A = Kills in this place as a percentage of kills in entire the game.
 B = Kills by you in this place as a percentage of kills by you in the entire game.
 C = Kills by friends in this place as a percentage of kills by friends in the entire game.
 D = Other kills in this place as a percentage of other kills in the entire game.
 E = Experience gained in this place as a percentage of experience gained in the entire game.
 F = Experience gained in this place divided by the number of levels of this place that you have seen.
                   A       B       C       D       E      F
               +-------+-------+-------+-------+-------+----------------------
         Total | 100.0 | 100.0 |  -nan |  -nan | 100.0 |  56.2
       Dungeon | 100.0 | 100.0 |  -nan |  -nan | 100.0 |  56.2
               +-------+-------+-------+-------+-------+----------------------

Vault maps used:
D:1:      sevenhm_arrival_forest_fort_small_4
D:2:      first_bread, minmay_rats_cheesy_pizza
D:3:      kennysheep_generic_room_7, uniq_natasha
D:4:      dancing_weapons_uskayaw, uniq_sigmund
